AoeStats
← ErisFeet

Arabia

508516062Analyzed
1v1 RM · 10d ago on Sep 22, 2026· 30m 17s· 2 players
Game mode
Random Map
Map size
Tiny (2 player)
Population
200
Speed
Normal
Resources
Standard
Victory
Conquest
Starting age
Dark Age
Ending age
Imperial Age
RankedLock teamsTeams togetherTeam positionsShared explorationLock speedFull tech treeHidden civsTurbo modeCheats
Victory
Defeat
🇨🇦 Random · Canada
1195
+15
🇨🇱 Random · Chile
1167
-15
| SNV | AoEBengi
4:46 Loom
10:01 Feudal Age
11:55 Man-at-Arms
19:46 Fletching
19:56 Padded Archer Armor
24:00 Castle Age
22:45 Scale Barding Armor
23:17 Bloodlines
26:48 Crossbowman
29:12 Bodkin Arrow
ErisFeet
0:30 Loom
9:31 Feudal Age
10:09 Double-Bit Axe
10:37 Man-at-Arms
11:16 Horse Collar
12:10 Arson
20:45 Castle Age
19:08 Stone Mining
19:09 Gold Mining
19:14 Fletching
19:25 Scale Mail Armor
20:14 Wheelbarrow
21:51 Squires
22:12 Bow Saw
22:31 Heavy Plow
23:04 Chain Mail Armor
24:07 Forging
27:12 Gold Shaft Mining
26:55 Town Watch
27:49 Elite Skirmisher
29:27 Iron Casting
28:48 Bodkin Arrow
29:25 Gambesons
Connection lost

Rejoining the realm…

Still unreachable

The connection could not be restored.

Session expired

The server has moved on; the page needs a fresh start.